Map: Apotheosis LE

Players

RuFF

  • Race: Terran Terran
  • League: Grandmaster

Kelazhur - Winner!

  • Race: Terran Terran

Event: Cheesadelphia Summer 2016

VOD

Have the link to the VOD?

Description

Time

  • Played on: July 24, 2016, 4:36 p.m.
  • Length: 18:52

All games in this series

Show
View Real Time Build Order
Export as new Build Order

RuFF Terran 

Build Orders:  

Get SALT Encoding   

  12  0:00  SCV  
  13  0:12  SCV  
  14  0:17  Supply Depot  
  14  0:24  SCV  
  15  0:30  Refinery  
  15  0:39  SCV  
  16  0:45  Barracks  
  16  0:51  SCV  
  17  1:03  SCV  
  18  1:15  SCV  
  19  1:31  Orbital Command  
  19  1:32  Marine  
  20  1:33  Factory  
  20  1:47  Supply Depot  
  20  1:51  Marine  
  21  1:58  SCV  
  22  2:09  Barracks Reactor  
  22  2:10  SCV  
  23  2:17  Hellion  
  23  2:22  Command Center, SCV  
  26  2:28  Refinery  
  26  2:36  SCV  
  27  2:52  Starport, SCV  
  27  2:55  Hellion  
  30  3:02  Supply Depot  
  30  3:04  Hellion, SCV  
  33  3:12  Starport  
  33  3:16  SCV  
  34  3:28  SCV  
  34  3:29  Starport Tech Lab  
  35  3:35  Orbital Command  
  35  3:36  Refinery  
  35  3:45  SCV  
  35  3:47  Refinery  
  36  3:50  Raven  
  38  3:56  Starport Reactor  
  38  3:58  Viking  
  40  4:03  SCV  
  39  4:27  Corvid Reactor  
  39  4:29  SCV x2  
  41  4:36  Starport Tech Lab  
  41  4:38  Hellion x2  
  45  4:41  SCV x2  
  45  4:43  Supply Depot  
  45  4:44  Raven  
  49  4:53  SCV x2  
  49  4:54  Supply Depot  
  49  4:59  Hellion x2  
  55  5:05  SCV  
  56  5:09  Raven  
  56  5:10  SCV  
  59  5:26  Hellion x2  
  59  5:27  Raven  
  65  5:29  SCV  
  65  5:31  Supply Depot  
  65  5:32  SCV  
  67  5:41  SCV  
  68  5:47  Command Center  
  68  5:50  Explosive Shrapnel Shells  
  68  5:53  Raven  
  68  5:55  SCV  
  71  5:59  Engineering Bay  
  71  6:00  SCV  
  72  6:07  SCV  
  72  6:09  Supply Depot, Raven  
  75  6:13  SCV  
  75  6:16  Hellion  
  75  6:17  Hellion  
  80  6:33  Refinery x2  
  80  6:35  Raven  
  80  6:37  Hellion  
  84  6:40  Factory  
  83  6:56  Hellion, Factory  
  83  6:59  SCV  
  86  7:02  Factory, SCV  
  86  7:03  SCV  
  88  7:11  SCV  
  88  7:14  Hellion, Raven  
  93  7:17  SCV  
  94  7:26  SCV  
  94  7:47  Factory Tech Lab x3, SCV  
  94  7:49  SCV  
  94  7:56  Planetary Fortress  
  94  7:59  SCV  
  94  8:01  SCV  
  94  8:03  Command Center  
  96  8:11  SCV  
  97  8:13  SCV  
  98  8:24  Siege Tank x3  
  98  8:25  Hellion  
  109  8:27  Infernal Pre-Igniter  
  109  8:33  Sensor Tower  
  109  8:38  Supply Depot x3  
  109  8:40  Supply Depot, SCV x3  
  109  8:41  Hellion  
  114  8:42  Raven  
  116  8:51  Supply Depot  
  116  8:53  SCV  
  117  8:59  SCV x2, Siege Tank, Raven  
  124  9:04  Siege Tank  
  130  9:10  Siege Tank  
  130  9:18  Factory  
  130  9:24  Armory  
  128  9:35  Siege Tank  
  128  9:36  Siege Tank  
  134  9:42  Siege Tank  
  136  9:48  Viking  
  136  9:50  SCV x2  
  140  9:55  Missile Turret  
  140  10:01  Refinery  
  140  10:02  SCV x3  
  144  10:07  Planetary Fortress  
  144  10:14  SCV x3  
  145  10:19  Siege Tank x2  
  152  10:23  Factory Tech Lab  
  152  10:26  SCV  
  152  10:29  Terran Vehicle Weapons Level 1  
  152  10:30  Missile Turret  
  152  10:32  SCV  
  153  10:39  Siege Tank  
  154  10:45  Missile Turret, Refinery  
  154  10:46  Missile Turret, Refinery  
  147  10:59  Siege Tank  
  147  11:00  Siege Tank  
  147  11:01  Hellion x2  
  147  11:06  Hellion  
  147  11:10  Missile Turret x2  
  149  11:11  Hellion  
  149  11:21  Missile Turret x2  
  149  11:23  Hellion x2  
  153  11:26  Supply Depot  
  153  11:28  Siege Tank  
  153  11:31  Siege Tank  
  159  11:40  Missile Turret  
  159  11:42  Missile Turret  
  159  11:48  Siege Tank  
  162  11:57  Siege Tank  
  162  11:58  Hellion x2  
  134  12:27  Siege Tank  
  129  12:32  Siege Tank  
  129  12:33  Hellion x4  
  140  12:38  SCV  
  140  12:41  Refinery  
  141  12:44  Missile Turret  
  141  12:45  Missile Turret x2  
  141  12:47  Missile Turret, Command Center  
  141  12:54  Hellion x2, Siege Tank  
  141  12:55  Hellion  
  150  13:00  Siege Tank  
  153  13:09  Viking x2  
  157  13:21  Terran Vehicle And Ship Armor Level 1  
  157  13:39  Viking x2  
  150  14:10  Viking x2  
  150  14:37  Thor  
  148  14:57  Viking x2  
  148  15:19  Thor  
  154  15:30  Viking  
  156  15:38  Hellion x2  
  156  15:39  Hellion  
  156  15:44  Viking  
  158  16:01  Refinery  
  158  16:02  Refinery  
  158  16:14  Planetary Fortress  
  158  16:16  Missile Turret  
  154  16:19  Missile Turret  
  154  16:26  Viking  
  154  16:53  Thor  
  158  16:55  Hellion x3  
  158  16:56  Hellion x2  
  168  17:16  Siege Tank  
  168  17:17  Missile Turret  
  171  17:30  Siege Tank  
  171  17:37  Siege Tank  
Show
View Real Time Build Order
Export as new Build Order

Kelazhur Terran - Winner!

Build Orders: Reaper Expand, MMM Bio 

Get SALT Encoding   

  12  0:01  SCV  
  13  0:13  SCV  
  14  0:17  Supply Depot  
  14  0:25  SCV  
  14  0:28  Refinery  
  15  0:39  SCV  
  16  0:45  Barracks  
  16  0:51  SCV  
  17  1:03  SCV  
  18  1:15  SCV  
  19  1:33  Reaper, Orbital Command  
  20  1:46  Command Center  
  20  1:57  Factory  
  20  2:01  SCV  
  20  2:06  Reaper  
  21  2:13  SCV  
  21  2:15  Supply Depot  
  22  2:20  Refinery  
  22  2:25  SCV  
  23  2:41  Barracks Reactor  
  23  2:42  Factory Tech Lab  
  23  2:43  SCV  
  24  2:55  SCV  
  26  2:58  Orbital Command  
  25  3:06  Cyclone  
  25  3:08  SCV  
  30  3:20  SCV  
  30  3:22  Marine x2  
  30  3:24  SCV  
  34  3:32  Starport, SCV  
  35  3:36  SCV  
  35  3:39  Marine  
  35  3:40  Marine  
  38  3:42  Cyclone  
  38  3:45  SCV  
  38  3:48  SCV  
  44  3:56  Supply Depot  
  44  3:59  Command Center  
  44  4:01  SCV x2  
  46  4:11  Bunker  
  46  4:17  Marine x2, SCV  
  46  4:23  SCV  
  49  4:29  SCV  
  49  4:30  Barracks  
  49  4:32  Barracks  
  49  4:35  SCV  
  49  4:37  Engineering Bay  
  50  4:42  SCV  
  50  4:44  Siege Tank  
  54  4:54  Supply Depot  
  54  5:03  Barracks Tech Lab  
  54  5:05  Terran Infantry Weapons Level 1  
  54  5:08  Refinery  
  54  5:10  Refinery  
  54  5:11  Medivac, SCV x2  
  54  5:13  Orbital Command  
  57  5:21  Barracks Tech Lab  
  57  5:23  SCV x2  
  57  5:24  Stimpack  
  59  5:30  Marine  
  59  5:31  Marine, Marauder  
  59  5:35  SCV x2  
  65  5:39  Bunker  
  65  5:40  SCV  
  65  5:42  Siege Tank, Marauder  
  71  5:47  Starport Reactor, SCV x2  
  73  5:52  SCV  
  73  5:53  Supply Depot, Marine x2  
  76  6:01  Combat Shields  
  76  6:03  SCV  
  77  6:13  Barracks  
  77  6:14  Barracks  
  77  6:15  Marauder, Marine x2, SCV x2  
  83  6:20  SCV  
  84  6:26  Supply Depot  
  84  6:27  SCV  
  84  6:32  Engineering Bay, Armory  
  85  6:44  Supply Depot  
  85  6:45  SCV  
  85  6:46  Supply Depot  
  85  6:48  Marauder x2, Marine x2, SCV x2  
  93  6:55  Supply Depot  
  93  7:02  Barracks Tech Lab  
  93  7:03  Barracks Reactor  
  93  7:05  Medivac x2, Siege Tank, SCV  
  93  7:08  Marine x2, SCV x2  
  103  7:10  Marauder x2  
  109  7:17  SCV  
  109  7:20  SCV  
  111  7:24  Terran Infantry Weapons Level 2, Marauder  
  111  7:25  Terran Infantry Armor Level 1  
  111  7:26  Marine x2, SCV  
  116  7:32  Supply Depot  
  116  7:33  Supply Depot  
  116  7:38  SCV  
  116  7:40  Marauder x2  
  114  7:44  Marine  
  114  7:45  Marauder  
  117  7:53  Medivac x2, Marine x2, Refinery  
  117  7:54  Marine  
  117  7:55  Supply Depot  
  117  7:56  Supply Depot  
  124  8:01  Barracks, Marauder  
  124  8:03  Barracks  
  125  8:09  Supply Depot  
  125  8:14  Marine, SCV x2  
  125  8:17  Marauder  
  125  8:19  SCV  
  122  8:24  Marauder  
  122  8:25  Marine x2  
  122  8:26  SCV, Marine, Marauder  
  127  8:32  Marine  
  127  8:33  SCV x2  
  130  8:41  SCV  
  130  8:42  Marauder  
  130  8:43  Marine x2  
  130  8:45  SCV  
  130  8:47  Marine  
  130  8:48  Marauder  
  140  8:51  Barracks Tech Lab, Barracks Reactor  
  140  8:53  Barracks  
  140  8:54  SCV  
  140  8:55  SCV  
  142  8:56  Missile Turret  
  142  8:57  Missile Turret  
  142  8:59  Marine  
  143  9:04  Marine, Marauder  
  143  9:06  Siege Tank  
  143  9:07  Supply Depot  
  143  9:08  Medivac x2  
  143  9:09  Command Center  
  151  9:14  Marauder x3  
  157  9:28  Marine x2  
  157  9:29  Marauder  
  160  9:33  Marine x3  
  160  9:34  Marine  
  160  9:35  Marine, Marauder  
  165  9:42  Terran Infantry Weapons Level 3, Terran Infantry Armor Level 2  
  165  9:44  Supply Depot  
  165  9:46  Marauder  
  165  9:52  Barracks Reactor  
  165  9:57  Supply Depot, Terran Ship Weapons Level 1, Viking x2, Marine x2  
  165  9:58  Marauder  
  173  10:05  Marine x3  
  173  10:06  Siege Tank, Marauder  
  181  10:13  Refinery  
  181  10:19  Marauder x3  
  187  10:21  Marine x3  
  187  10:23  Planetary Fortress  
  190  10:30  Viking x2  
  194  10:38  Marine x4, Marauder  
  200  10:54  Marauder x2  
  200  10:55  Marine  
  200  10:56  Marauder  
  195  10:59  Marauder  
  195  11:00  Marine  
  195  11:01  Marine x2  
  191  11:05  Viking  
  191  11:06  Viking  
  195  11:11  Starport  
  195  11:14  Marine  
  195  11:16  Marauder x2  
  200  11:33  Command Center, Armory  
  200  11:35  Command Center, Concussive Shells  
  200  11:38  Starport  
  199  11:49  Marauder x2  
  199  11:57  Marauder  
  199  12:06  Marauder  
  199  12:08  Medivac x2  
  191  12:14  Marauder  
  164  12:18  Marauder x2  
  126  12:30  Marine  
  126  12:31  Marine x6, Marauder  
  126  12:35  Starport Tech Lab, Starport Reactor  
  126  12:36  Marauder  
  136  12:39  Marauder  
  136  12:43  Marine  
  139  12:44  Viking x2  
  139  12:48  Planetary Fortress  
  139  12:50  Planetary Fortress  
  143  12:53  Missile Turret  
  143  13:01  Liberator x2  
  143  13:04  Command Center x2  
  143  13:05  Command Center, Liberator x2  
  146  13:14  Marine  
  146  13:15  Marine x5  
  146  13:16  Marine x2  
  160  13:25  Marauder x4  
  173  13:29  Terran Ship Weapons Level 2  
  173  13:35  Refinery  
  168  14:01  Viking x2  
  168  14:02  Marine  
  161  14:07  Marauder  
  161  14:08  Marine, Marauder x2  
  168  14:10  Marine  
  168  14:11  Marauder  
  171  14:17  Viking x2  
  171  14:21  Terran Vehicle And Ship Armor Level 1  
  175  14:25  Command Center  
  175  14:29  Marauder x2  
  176  14:35  Viking  
  176  14:36  Viking  
  176  14:37  Marine x4  
  176  14:38  Marine x2  
  188  14:47  Viking x2  
  185  14:56  Banshee  
  184  15:01  Starport x3  
  184  15:05  Viking  
  186  15:13  Terran Infantry Armor Level 3  
  186  15:17  Orbital Command  
  186  15:19  Orbital Command x2  
  186  15:21  Refinery  
  186  15:24  Viking x2  
  190  15:32  Marauder  
  191  15:37  Marauder  
  176  15:50  Starport Tech Lab  
  176  15:51  Starport Tech Lab x2, Fusion Core  
  176  15:55  Refinery, Orbital Command  
  176  15:56  Refinery  
  176  16:38  Marine x4  
  178  16:45  Command Center  
  178  16:46  Battlecruiser x2  
  178  16:47  Battlecruiser  
  196  16:53  Battlecruiser  
  200  17:00  Weapon Refit  
  193  17:15  Orbital Command  
  167  17:54  Marine  
  167  17:55  Marine  
  167  17:56  Marine x5  
  176  18:03  Marine  
  176  18:04  Marine  
  134  18:27  Marine x8  
Tags
 
Add a new tag
Caveats
  • Supply blocks, unpowered buildings, or Contaminate may cause inaccurate times.
  • Supply counts are checked every 10 seconds.